SA
SYRACUSE STORM @ CONNETQUOT CHIEFS
09/08/2031
 
TOP OF THE 1ST
Syracuse Storm batting - Pitching for Connetquot Chiefs : RHP Floyd Cala
Pitching: RHP Floyd Cala
Batting: LHB Ed Gordon 0-0: Ball
1-0: Bunted foul
1-1: Ball
2-1: Called Strike
2-2: Foul Ball, location: 2F
2-2: Strikes out looking
Pitching: RHP Júlio González
Batting: RHB Greg Schiff 0-0: Ball
1-0: Ball
2-0: SINGLE (Groundball, 56D)
Batting: LHB Salvador Ramírez 0-0: Ball
1-0: Ball
2-0: Ball
3-0: Foul Ball, location: 2F
3-1: Called Strike
3-2: Foul Ball, location: 2F
3-2: Strikes out swinging
Batting: LHB Bora Garasanin 0-0: Ball
1-0: Swinging Strike
1-1: Swinging Strike
1-2: Ball
2-2: Strikes out swinging
Top of the 1st over - 0 runs, 1 hit, 0 errors, 1 left on base; Syracuse 0 - Connetquot 0
BOTTOM OF THE 1ST
Connetquot Chiefs batting - Pitching for Syracuse Storm : LHP Onson Sweemey
Pitching: LHP Onson Sweemey
Batting: LHB Travis Grigor 0-0: Ball
1-0: Called Strike
1-1: Fly out, F7 (Flyball, 78D)
Batting: RHB Domingo Morín 0-0: Ball
1-0: Foul Ball, location: 2F
1-1: Fly out, F8 (Flyball, 8RS)
Batting: LHB Divine Diablo 0-0: Called Strike
0-1: Swinging Strike
0-2: SINGLE (Line Drive, 8RS)
Batting: RHB Dan Chrzan 0-0: Called Strike
0-1: Ball
1-1: Called Strike
1-2: Ball
2-2: Foul Ball, location: 2F
2-2: Ball
3-2: Foul Ball, location: 2F
3-2: Base on Balls
Divine Diablo to second
Batting: LHB Carlos Campos 0-0: Ball
1-0: Ground out 4-3 (Groundball, 4)
Bottom of the 1st over - 0 runs, 1 hit, 0 errors, 2 left on base; Syracuse 0 - Connetquot 0
TOP OF THE 2ND
Syracuse Storm batting - Pitching for Connetquot Chiefs : RHP Júlio González
Batting: LHB Juan Jimínez 0-0: Called Strike
0-1: Ball
1-1: Ball
2-1: Ball
3-1: Swinging Strike
3-2: Foul Ball, location: 2F
3-2: Foul Ball, location: 2F
3-2: Base on Balls
Batting: LHB Rafael Longoria 0-0: Ball
1-0: Foul Ball, location: 2F
1-1: Foul Ball, location: 2F
1-2: Strikes out swinging
Batting: RHB Javier Sandoval 0-0: Ground out 5-3 (Groundball, 56S)
Juan Jimínez to second
Batting: RHB Nelson Morán 0-0: SINGLE (Groundball, 6MD)
Juan Jimínez to third
Runner from 3rd tries for Home, SAFE, no throw
Batting: SHB Franck Kooijmans 0-0: Ball
1-0: Ball
2-0: Swinging Strike
2-1: Called Strike
2-2: Fly out, F8 (Flyball, 8LD)
Top of the 2nd over - 1 run, 1 hit, 0 errors, 1 left on base; Syracuse 1 - Connetquot 0
BOTTOM OF THE 2ND
Connetquot Chiefs batting - Pitching for Syracuse Storm : LHP Onson Sweemey
Batting: RHB Héctor Amaya 0-0: Ball
1-0: Ball
2-0: SINGLE (Line Drive, 6MD)
Batting: RHB Louis Teague 0-0: Fielders Choice at 2nd, 6-4 (Groundball, 6)
Batting: LHB Brad Mosley 0-0: Foul Ball, location: 2F
0-1: Ball
1-1: Swinging Strike
1-2: Ball
2-2: Foul Ball, location: 2F
2-2: Strikes out swinging
Batting: RHB António Ortíz 0-0: Ball
1-0: Ball
2-0: Ball
3-0: Called Strike
3-1: Called Strike
3-2: Fly out, F9 (Flyball, 9LM)
Bottom of the 2nd over - 0 runs, 1 hit, 0 errors, 1 left on base; Syracuse 1 - Connetquot 0
TOP OF THE 3RD
Syracuse Storm batting - Pitching for Connetquot Chiefs : RHP Júlio González
Batting: LHB Ed Gordon 0-0: Ball
1-0: Foul Ball, location: 2F
1-1: SINGLE (Line Drive, 56D)
Batting: RHB Greg Schiff 0-0: Fielders Choice at 2nd, 6-4 (Groundball, 56)
Batting: LHB Salvador Ramírez 0-0: Ball
1-0: Called Strike
1-1: Foul Ball, location: 2F
1-2: Strikes out looking
Batting: LHB Bora Garasanin 0-0: Ball
1-0: Ball
2-0: Ball
3-0: Called Strike
3-1: Foul Ball, location: 2F
3-2: Strikes out swinging
Top of the 3rd over - 0 runs, 1 hit, 0 errors, 1 left on base; Syracuse 1 - Connetquot 0
BOTTOM OF THE 3RD
Connetquot Chiefs batting - Pitching for Syracuse Storm : LHP Onson Sweemey
Batting: LHB Travis Grigor 0-0: Ball
1-0: Ball
2-0: Foul Ball, location: 2F
2-1: Ball
3-1: Ground out 6-3 (Groundball, 6)
Batting: RHB Domingo Morín 0-0: Fly out, F7 (Flyball, 7LSF)
Batting: LHB Divine Diablo 0-0: Ball
1-0: Foul Ball, location: 2F
1-1: Swinging Strike
1-2: SINGLE (Line Drive, 7S)
Batting: RHB Dan Chrzan 0-0: Ball
1-0: Foul Ball, location: 2F
1-1: Fly out, F9 (Flyball, 9S)
Bottom of the 3rd over - 0 runs, 1 hit, 0 errors, 1 left on base; Syracuse 1 - Connetquot 0
TOP OF THE 4TH
Syracuse Storm batting - Pitching for Connetquot Chiefs : RHP Júlio González
Batting: LHB Juan Jimínez 0-0: Called Strike
0-1: Ball
1-1: Foul Ball, location: 2F
1-2: Foul Ball, location: 2F
1-2: DOUBLE (Line Drive, 89D)
Batting: LHB Rafael Longoria 0-0: SINGLE (Line Drive, 4MD)
Juan Jimínez to third
Batting: RHB Javier Sandoval 0-0: Ball
1-0: Fielders Choice at 2nd, 6-4 (Groundball, 6)
Juan Jimínez scores
Batting: RHB Nelson Morán 0-0: Called Strike
0-1: Ball
1-1: Ball
2-1: Ball
3-1: Called Strike
3-2: DOUBLE (Line Drive, 7LM)
Javier Sandoval to third
Javier Sandoval scores
Batting: SHB Franck Kooijmans 0-0: DOUBLE (Groundball, 3L)
Nelson Morán scores
Pitching: RHP John Kraan
Batting: LHB Ed Gordon 0-0: Ball
Franck Kooijmans steals 3rd base
1-0: Called Strike
1-1: Called Strike
1-2: Fly out, F9 (Flyball, 9S)
Runner from 3rd tags up, OUT at HOME
Top of the 4th over - 3 runs, 4 hits, 0 errors, 0 left on base; Syracuse 4 - Connetquot 0
BOTTOM OF THE 4TH
Connetquot Chiefs batting - Pitching for Syracuse Storm : LHP Onson Sweemey
Batting: LHB Carlos Campos 0-0: Called Strike
0-1: Foul Ball, location: 2F
0-2: Ball
1-2: SINGLE (Groundball, 4MD)
Batting: RHB Héctor Amaya 0-0: Ball
1-0: Called Strike
1-1: Swinging Strike
1-2: Fly out, F9 (Flyball, 9S)
Batting: RHB Louis Teague 0-0: Ball
1-0: Ball
2-0: Foul Ball, location: 2F
2-1: Ball
3-1: Called Strike
3-2: Grounds into double play, 4-6-3 (Groundball, 4)
Bottom of the 4th over - 0 runs, 1 hit, 0 errors, 0 left on base; Syracuse 4 - Connetquot 0
TOP OF THE 5TH
Syracuse Storm batting - Pitching for Connetquot Chiefs : RHP John Kraan
Batting: RHB Greg Schiff 0-0: Swinging Strike
0-1: Swinging Strike
0-2: Ball
1-2: Ball
2-2: Ball
3-2: Base on Balls
Batting: LHB Salvador Ramírez 0-0: Foul Ball, location: 2F
0-1: Ball
1-1: Foul Ball, location: 2F
1-2: Fly out, F8 (Flyball, 8RS)
Batting: LHB Bora Garasanin 0-0: Swinging Strike
0-1: Ball
1-1: Ball
2-1: Ball
3-1: Foul Ball, location: 2F
3-2: Ground out 4-3 (Groundball, 4)
Greg Schiff to second
Batting: LHB Juan Jimínez 0-0: Ball
1-0: Foul Ball, location: 2F
1-1: Swinging Strike
1-2: Strikes out looking
Top of the 5th over - 0 runs, 0 hits, 0 errors, 1 left on base; Syracuse 4 - Connetquot 0
BOTTOM OF THE 5TH
Connetquot Chiefs batting - Pitching for Syracuse Storm : LHP Onson Sweemey
Batting: LHB Brad Mosley 0-0: Called Strike
0-1: Foul Ball, location: 2F
0-2: Foul Ball, location: 2F
0-2: Ball
1-2: Ball
2-2: Strikes out swinging
Batting: RHB António Ortíz 0-0: Swinging Strike
0-1: Ball
1-1: Ground out 6-3 (Groundball, 6)
Batting: LHB Travis Grigor 0-0: Ball
1-0: Called Strike
1-1: Ground out 6-3 (Groundball, 56D)
Bottom of the 5th over - 0 runs, 0 hits, 0 errors, 0 left on base; Syracuse 4 - Connetquot 0
TOP OF THE 6TH
Syracuse Storm batting - Pitching for Connetquot Chiefs : RHP John Kraan
Batting: LHB Rafael Longoria 0-0: Ball
1-0: Ball
2-0: Ball
3-0: Called Strike
3-1: SINGLE (Groundball, 4MD)
Batting: RHB Javier Sandoval 0-0: Sac Bunt - play at second, runner OUT! 1-6
Batting: RHB Nelson Morán 0-0: Called Strike
0-1: Fly out, F3 (Line Drive, 34)
Batting: SHB Franck Kooijmans 0-0: Swinging Strike
0-1: Ball
1-1: 2-RUN HOME RUN (Flyball, 9LD), Distance : 349 ft
Batting: LHB Ed Gordon 0-0: Called Strike
0-1: Ball
1-1: Called Strike
1-2: Foul Ball, location: 2F
1-2: Ball
2-2: SINGLE (Line Drive, 9LS)
Batting: RHB Greg Schiff 0-0: Called Strike
Ed Gordon steals 2nd base
0-1: Ball
1-1: Ball
2-1: Ball
3-1: Fly out, F5 (Line Drive, 5S)
Top of the 6th over - 2 runs, 3 hits, 0 errors, 1 left on base; Syracuse 6 - Connetquot 0
BOTTOM OF THE 6TH
Connetquot Chiefs batting - Pitching for Syracuse Storm : LHP Onson Sweemey
Batting: RHB Domingo Morín 0-0: Ball
1-0: Ball
2-0: Ball
3-0: Base on Balls
Batting: LHB Divine Diablo 0-0: DOUBLE (Groundball, 3L)
Domingo Morín to third
Batting: RHB Dan Chrzan 0-0: Swinging Strike
0-1: Ball
1-1: Called Strike
1-2: Strikes out swinging
Batting: LHB Carlos Campos 0-0: Ball
1-0: Called Strike
1-1: SINGLE (Flyball, 9LS)
Domingo Morín scores
Divine Diablo to third
Runner from 3rd tries for Home, SAFE, no throw
Batting: RHB Héctor Amaya 0-0: Grounds into double play, 4-6-3 (Groundball, 4)
Bottom of the 6th over - 2 runs, 2 hits, 0 errors, 0 left on base; Syracuse 6 - Connetquot 2
TOP OF THE 7TH
Syracuse Storm batting - Pitching for Connetquot Chiefs : RHP John Kraan
Batting: LHB Salvador Ramírez 0-0: Fly out, F9 (Flyball, 89D)
Batting: LHB Bora Garasanin 0-0: Foul Ball, location: 2F
0-1: Called Strike
0-2: Fly out, F6 (Popup, P)
Batting: LHB Juan Jimínez 0-0: Foul Ball, location: 2F
0-1: Ground out 1-3 (Groundball, P)
Top of the 7th over - 0 runs, 0 hits, 0 errors, 0 left on base; Syracuse 6 - Connetquot 2
BOTTOM OF THE 7TH
Connetquot Chiefs batting - Pitching for Syracuse Storm : LHP Onson Sweemey
Batting: RHB Louis Teague 0-0: Foul Ball, location: 2F
0-1: Ground out 5-3 (Groundball, 56)
Batting: LHB Brad Mosley 0-0: Ball
1-0: Ball
2-0: Ball
3-0: Foul Ball, location: 2F
3-1: Base on Balls
Batting: RHB António Ortíz 0-0: Ball
1-0: Ball
2-0: Called Strike
2-1: Ball
3-1: Base on Balls
Brad Mosley to second
Batting: LHB Travis Grigor 0-0: Ball
1-0: Grounds into double play, 6-4-3 (Groundball, 6M)
Bottom of the 7th over - 0 runs, 0 hits, 0 errors, 1 left on base; Syracuse 6 - Connetquot 2
TOP OF THE 8TH
Syracuse Storm batting - Pitching for Connetquot Chiefs : RHP John Kraan
Batting: LHB Rafael Longoria 0-0: Called Strike
0-1: DOUBLE (Line Drive, 7LM)
Pitching: LHP Kade Kinnamon
Batting: RHB Javier Sandoval 0-0: Ball
1-0: Swinging Strike
1-1: Ball
Wild Pitch!
Rafael Longoria to third
2-1: Ground out 1-3 (Groundball, 13)
Batting: RHB Nelson Morán 0-0: Foul Ball, location: 2F
0-1: Ball
1-1: Ball
2-1: Ball
3-1: Foul Ball, location: 2F
3-2: Base on Balls
Batting: SHB Franck Kooijmans 0-0: Fielders Choice at 2nd, 4-6 (Groundball, 4)
Rafael Longoria scores
Batting: LHB Ed Gordon 0-0: Called Strike
0-1: Called Strike
0-2: Ball
1-2: Strikes out swinging
Top of the 8th over - 1 run, 1 hit, 0 errors, 1 left on base; Syracuse 7 - Connetquot 2
BOTTOM OF THE 8TH
Connetquot Chiefs batting - Pitching for Syracuse Storm : LHP Onson Sweemey
Pitching: LHP Peter Ventola
Batting: RHB Domingo Morín 0-0: Ball
1-0: Foul Ball, location: 2F
1-1: Called Strike
1-2: Fly out, F7 (Flyball, 7S)
Batting: LHB Divine Diablo 0-0: Foul Ball, location: 2F
0-1: Fly out, F9 (Line Drive, 9D)
Batting: RHB Dan Chrzan 0-0: Ball
1-0: Ball
2-0: Fly out, F7 (Flyball, 78S)
Bottom of the 8th over - 0 runs, 0 hits, 0 errors, 0 left on base; Syracuse 7 - Connetquot 2
TOP OF THE 9TH
Syracuse Storm batting - Pitching for Connetquot Chiefs : LHP Kade Kinnamon
Batting: RHB Greg Schiff 0-0: Called Strike
0-1: Ground out 6-3 (Groundball, 6)
Batting: LHB Salvador Ramírez 0-0: Ball
1-0: Fly out, F8 (Flyball, 8LM)
Batting: LHB Bora Garasanin 0-0: Called Strike
0-1: Swinging Strike
0-2: Ball
1-2: Strikes out swinging
Top of the 9th over - 0 runs, 0 hits, 0 errors, 0 left on base; Syracuse 7 - Connetquot 2
BOTTOM OF THE 9TH
Connetquot Chiefs batting - Pitching for Syracuse Storm : LHP Peter Ventola
Now at 1B: Francis Osborne
Now in RF: Miguel Román
Batting: LHB Carlos Campos 0-0: Ball
1-0: Foul Ball, location: 2F
1-1: Swinging Strike
1-2: Strikes out swinging
Batting: RHB Héctor Amaya 0-0: SINGLE (Groundball, 34D)
Batting: RHB Louis Teague 0-0: Ball
1-0: Ball
2-0: Ball
3-0: Base on Balls
Héctor Amaya to second
Batting: LHB Brad Mosley 0-0: Foul Ball, location: 2F
0-1: Ball
1-1: Swinging Strike
1-2: Fly out, F7 (Line Drive, 7)
Batting: RHB António Ortíz 0-0: Ball
1-0: Ball
2-0: DOUBLE (Flyball, 8LXD)
Héctor Amaya scores
Louis Teague to third
Pitching: RHP Barry Rozner
Batting: LHB Travis Grigor 0-0: Ball
1-0: Called Strike
1-1: Ball
2-1: Ball
3-1: Swinging Strike
3-2: Base on Balls
Batting: RHB Domingo Morín 0-0: Ball
1-0: Called Strike
1-1: Foul Ball, location: 2F
1-2: SINGLE (Groundball, 56D)
Louis Teague scores
António Ortíz to third
Travis Grigor to second
Batting: LHB Divine Diablo 0-0: Called Strike
0-1: Foul Ball, location: 2F
0-2: Ball
1-2: DOUBLE (Line Drive, 9D)
António Ortíz scores
Travis Grigor scores
Domingo Morín to third
Batting: RHB Dan Chrzan 0-0: Swinging Strike
0-1: Ball
1-1: Foul Ball, location: 2F
1-2: Foul Ball, location: 2F
1-2: Ball
2-2: Foul Ball, location: 2F
2-2: Foul Ball, location: 2F
2-2: Foul Ball, location: 2F
2-2: Foul Ball, location: 2F
2-2: Ball
3-2: Base on Balls
Batting: LHB Carlos Campos 0-0: Foul Ball, location: 2F
0-1: Ground out 4-3 (Groundball, 4)
Bottom of the 9th over - 4 runs, 4 hits, 0 errors, 3 left on base; Syracuse 7 - Connetquot 6
Tuesday, June 12th, 2018 - OOTP Baseball 18.8 Build 76